Map: Ruins of Seras

Players

Grumm

  • Race: Zerg Zerg
  • League: Gold

Gazphor - Winner!

  • Race: Protoss Protoss
  • League: Gold

VOD

Have the link to the VOD?

Description

Time

  • Played on: Jan. 13, 2016, 2:05 a.m.
  • Length: 7:44
Show
View Real Time Build Order
Export as new Build Order

Grumm Zerg 

Build Orders: Pool First 

Get SALT Encoding   

  12  0:01  Drone  
  13  0:10  Drone  
  14  0:22  Overlord  
  15  0:50  Drone x3  
  15  0:56  Spawning Pool  
  16  1:12  Drone x2  
  18  1:31  Drone  
  19  1:36  Hatchery  
  18  1:44  Zergling x2  
  18  1:45  Zergling x2  
  20  1:55  Zergling x2  
  21  2:08  Zergling x2  
  22  2:16  Overlord  
  22  2:33  Queen  
  24  2:45  Drone x2  
  26  2:54  Spine Crawler  
  26  2:55  Spine Crawler  
  26  2:56  Spine Crawler  
  23  2:59  Spine Crawler  
  23  3:01  Queen  
  23  3:02  Drone x2  
  26  3:08  Zergling x2  
  26  3:09  Zergling x2  
  28  3:15  Extractor  
  28  3:18  Extractor  
  23  4:14  Spore Crawler  
  23  4:16  Spine Crawler  
  18  4:18  Zergling x18  
  27  4:42  Queen  
  28  4:58  Zergling x2  
  28  4:59  Zergling x10  
  33  5:12  Zergling x4  
  33  5:31  Drone x2  
  33  5:32  Drone  
  36  5:54  Spine Crawler  
  35  5:57  Queen  
  35  6:04  Roach Warren  
  31  6:21  Overlord  
  31  6:22  Overlord  
  31  6:49  Extractor  
  30  6:54  Spawning Pool  
Show
View Real Time Build Order
Export as new Build Order

Gazphor Protoss - Winner!

Build Orders:  

Get SALT Encoding   

  12  0:01  Probe (Chrono Boost)  
  13  0:11  Probe (Chrono Boost)  
  14  0:22  Probe (Chrono Boost)  
  14  0:24  Pylon  
  16  0:43  Probe (Chrono Boost), Gateway  
  16  0:48  Assimilator  
  16  0:53  Probe (Chrono Boost)  
  16  0:54  Assimilator  
  17  1:11  Gateway  
  17  1:14  Probe (Chrono Boost)  
  18  1:24  Probe (Chrono Boost)  
  19  1:33  Pylon  
  19  1:37  Probe (Chrono Boost)  
  20  1:47  Cybernetics Core, Probe (Chrono Boost)  
  21  2:13  Probe (Chrono Boost)  
  22  2:23  Probe (Chrono Boost)  
  22  2:25  Adept x2  
  22  2:26  Warp Gate  
  22  2:28  Pylon  
  27  2:34  Mothership Core (Chrono Boost)  
  29  2:38  Pylon  
  29  2:52  Probe (Chrono Boost)  
  29  2:53  Robotics Facility  
  29  2:57  Adept  
  32  3:01  Adept  
  34  3:12  Gateway  
  34  3:20  Probe (Chrono Boost)  
  35  3:30  Gateway  
  35  3:49  Immortal (Chrono Boost)  
  39  3:57  Adept x2  
  39  4:24  Warp Prism (Chrono Boost)  
  37  4:39  Pylon  
  34  4:46  Stalker x2  
  34  4:50  Mothership Core  
  34  4:52  Stalker  
  38  4:53  Stalker  
  40  5:09  Immortal (Chrono Boost)  
  44  5:43  Gateway  
  44  5:56  Adept x4  
  52  6:20  Stalker  
  52  6:25  Pylon  
  54  6:29  Pylon  
  54  6:42  Pylon  
  54  6:51  Stalker  
  54  6:52  Stalker  
  58  6:54  Stalker  
  58  6:55  Stalker  
  58  7:00  Stalker  
  64  7:20  Stalker x2  
  64  7:21  Stalker  
  66  7:37  Adept x2  
Tags
 
Add a new tag
Caveats
  • Supply blocks, unpowered buildings, or Contaminate may cause inaccurate times.
  • Supply counts are checked every 10 seconds.